 Dungeon Crawl Stone Soup version 0.16-a0-113-gc8d9654 (webtiles) character file.

1749 Deemzul the Martial Artist (level 9, 0/62 HPs)
             Began as an Octopode Monk on Aug 11, 2014.
             Was an Elder of Qazlal.
             Slain by a giant frog (6 damage)
             ... on Level 6 of the Dungeon.
             The game lasted 00:07:06 (4859 turns).

Deemzul the Martial Artist (Octopode Monk)          Turns: 4859, Time: 00:07:06

HP   0/62        AC  1     Str 11      XL: 9   Next:  6%
MP   9/9         EV 16     Int 12      God: Qazlal [****..]
Gold 212         SH  5     Dex 17      Spells:  0 memorised,  8 levels left

rFire  . . .     SeeInvis .       - Unarmed
rCold  . . .     Clarity  .     (no shield)
rNeg   . . .     rCorr    .     (helmet restricted)
rPois  .         rRot     .     (no amulet)
rElec  .         Spirit   .     a - ring of invisibility
SustAb .         Warding  .     (no ring)
rMut   .         Stasis   .     (no ring)
Gourm  .                        (no ring)
MR     .....                    (no ring)
                                (no ring)
                                (no ring)
                                (no ring)

@: repel missiles, not resistant to hostile enchantments, unstealthy
A: almost no armour, amphibious, 8 rings, constrict 8, camouflage 1, gelatinous
body 1
a: Upheaval, Elemental Force, Renounce Religion, Evoke Invisibility


You were on level 6 of the Dungeon.
You worshipped Qazlal.
Qazlal was greatly pleased with you.
You were hungry.

You visited 1 branch of the dungeon, and saw 6 of its levels.

You collected 212 gold pieces.

Inventory:

Hand weapons
 c - a +2 scythe of freezing
Magical devices
 q - a wand of random effects (8) {unknown}
 u - a wand of slowing (11)
Comestibles
 b - 8 bread rations
 d - 2 beef jerkies
 z - 2 meat rations
Scrolls
 e - 2 scrolls of identify
 g - 2 scrolls of magic mapping
 j - a scroll of random uselessness
 k - 4 scrolls of immolation {unknown}
 l - 3 scrolls of teleportation {unknown}
 m - a scroll of enchant armour {unknown}
 n - 2 scrolls of noise {unknown}
 o - a scroll of fear {unknown}
 p - 2 scrolls of remove curse {unknown}
 t - 2 scrolls of blinking {unknown}
 A - a scroll of recharging {unknown}
 C - a scroll of amnesia {unknown}
Jewellery
 a - a ring of invisibility (left tentacle)
 h - an uncursed amulet of rage {unknown}
 y - a +1 ring of evasion {unknown}
Potions
 f - 2 potions of cure mutation
 i - a potion of brilliance
 r - 2 potions of poison {unknown}
 s - a potion of agility {unknown}
 v - a potion of resistance {unknown}
 w - a potion of haste {unknown}
 x - 2 potions of confusion {unknown}
 B - a potion of mutation {unknown}
 D - a potion of cancellation {unknown}


   Skills:
 + Level 6.1 Fighting
 + Level 6.5 Dodging
 - Level 2.6 Stealth
 * Level 9.1 Unarmed Combat


You had 8 spell levels left.
You didn't know any spells.

Dungeon Overview and Level Annotations

Branches:
Dungeon (6/15)
 Temple: D:4-7

Altars:
Cheibriados
Kikubaaqudgha
Qazlal
Sif Muna
The Shining One

Annotations:
D:4 Grinder


Innate Abilities, Weirdness & Mutations

You cannot wear most types of armour.
You are amphibious.
You can wear up to eight rings at the same time.
You can use your tentacles to constrict many enemies at once.
Your skin changes colour to match your surroundings (Stealth).
Your rubbery body absorbs attacks (AC +1).


Message History

You tentacle-slap the centaur but do no damage.
The centaur is almost dead.
The centaur hits you.
* * * LOW HITPOINT WARNING * * *
The centaur barely misses you.
You are too injured to fight recklessly!
You are too injured to fight recklessly!
You bludgeon the centaur!
You kill the centaur!
Qazlal accepts your kill. The giant frog hits you!
* * * LOW HITPOINT WARNING * * *
You are too injured to fight recklessly!
You closely miss the giant frog. Your grab misses the giant frog.
The giant frog closely misses you.
You closely miss the giant frog. Your grab misses the giant frog.
You squeeze the giant frog!
The giant frog is heavily wounded.
The giant frog hits you.
You die...

# ### ..# #.#######.
.#### #...#
#........# ..#..
#.....#####........##
#... #)@.#..#....##.#
#.. ###F.......###.##
# #.#
##..#......!..###
##.# #.####.....#....
Zg.## #..#
#....###... ....##
....# ##.ยง$.# ##..
Z#..{#
#.....##.....####.#
.##Zh#
.%##.........##..#
..##.... ..
##........##..#


You could see a giant frog.

Vanquished Creatures
  The ghost of Deemzul the Insei, an experienced OpMo (D:5)
  The ghost of MBison the Skirmisher, an average TeFi (D:4)
  The ghost of Deemzul the Sneak, an average OpMo of Dithmenos (D:3)
  Edmund (D:6)
  2 centaurs
  Sigmund (D:2)
  A scorpion (D:5)
  5 hounds
  2 orc wizards (D:5)
  A black bear skeleton (D:5)
  A centaur skeleton (D:5)
  An iguana (D:5)
  5 worker ants
  2 gnolls
  8 adders
  7 worms
  An adder skeleton (D:3)
  6 giant geckos
  2 oozes
  18 orcs
  A ball python (D:2)
  A bat skeleton (D:6)
  11 hobgoblins
  2 jackals (D:2)
  13 kobolds
  3 quokkas
  6 bats
  4 giant cockroaches
  6 giant newts
  9 goblins
  A goblin skeleton (D:5)
  A goblin zombie (D:5)
  8 rats
  A rat skeleton (D:4)
134 creatures vanquished.

Vanquished Creatures (others)
  A hobgoblin (D:6)
  A hobgoblin skeleton (D:6)
  A rat (D:6)
3 creatures vanquished.

Grand Total: 137 creatures vanquished

Notes
Turn   | Place    | Note
--------------------------------------------------------------
     0 | D:1      | Deemzul, the Octopode Monk, began the quest for the Orb.
     0 | D:1      | Reached XP level 1. HP: 16/16 MP: 1/1
    92 | D:1      | Reached XP level 2. HP: 21/21 MP: 2/2
   402 | D:1      | Reached XP level 3. HP: 16/26 MP: 3/3
   639 | D:2      | Found an ancient bone altar of Kikubaaqudgha.
   874 | D:2      | Noticed Sigmund
   889 | D:2      | Killed Sigmund
   889 | D:2      | Reached skill level 5 in Unarmed Combat
   889 | D:2      | Reached XP level 4. HP: 8/33 MP: 4/4
   957 | D:2      | Found a stormy altar of Qazlal.
   961 | D:2      | Became a worshipper of Qazlal Stormbringer
   961 | D:2      | Acquired Qazlal's first power
   961 | D:2      | Acquired Qazlal's second power
  1065 | D:2      | Found a deep blue altar of Sif Muna.
  1068 | D:2      | Found a glowing golden altar of the Shining One.
  1100 | D:2      | Reached XP level 5. HP: 32/37 MP: 5/5
  1495 | D:2      | Found a snail-covered altar of Cheibriados.
  2015 | D:3      | Noticed Deemzul's ghost (average OpMo)
  2020 | D:3      | Killed Deemzul's ghost
  2020 | D:3      | Reached skill level 6 in Unarmed Combat
  2020 | D:3      | Reached XP level 6. HP: 33/44 MP: 6/6
  2285 | D:3      | Acquired Qazlal's third power
  2517 | D:4      | Reached XP level 7. HP: 40/49 MP: 7/7
  2729 | D:4      | Noticed MBison's ghost (average TeFi)
  3120 | D:4      | Noticed Grinder
  3122 | D:4      | Paralysed by Grinder for 6 turns
  3129 | D:4      | Killed MBison's ghost
  3129 | D:4      | Reached skill level 5 in Dodging
  3129 | D:4      | Reached skill level 7 in Unarmed Combat
  3283 | D:5      | Entered Level 5 of the Dungeon
  3314 | D:5      | Reached skill level 5 in Fighting
  3418 | D:5      | Noticed Deemzul's ghost (experienced OpMo)
  3430 | D:5      | Killed Deemzul's ghost
  3430 | D:5      | Reached skill level 8 in Unarmed Combat
  3430 | D:5      | Reached XP level 8. HP: 38/56 MP: 8/8
  4002 | D:5      | Acquired Qazlal's fourth power
  4814 | D:6      | Noticed Edmund
  4822 | D:6      | Killed Edmund
  4822 | D:6      | Reached XP level 9. HP: 50/62 MP: 9/9
  4836 | D:6      | Reached skill level 9 in Unarmed Combat
  4859 | D:6      | Slain by a giant frog

Action                   |  1- 3 |  4- 6 |  7- 9 || total
-------------------------+-------+-------+-------++-------
Melee: Unarmed           |    44 |   117 |   152 ||   313
  Use: Potion            |     4 |       |     2 ||     6
       Scroll            |       |       |     2 ||     2
 Stab: Sleeping          |     6 |       |       ||     6
  Eat: Chunk             |       |     5 |     7 ||    12
